 Dungeon Crawl Stone Soup version 0.27.1-3-gb3d3a73c9e (webtiles) character file.

Game seed: 11572384793649059146

81 barney the Changer (level 4, -3/35 HPs)
             Began as a Draconian Transmuter on Oct 5, 2021.
             Slain by an orc (6 damage)
             ... on level 3 of the Dungeon.
             The game lasted 00:02:20 (3146 turns).

barney the Changer (Draconian Transmuter)           Turns: 3146, Time: 00:02:21

Health: -3/35      AC:  8    Str: 13    XL:     4   Next: 19%
Magic:  1/7        EV: 12    Int: 14    God:
Gold:   68         SH:  0    Dex: 11    Spells: 1/7 levels left

rFire    . . .     SeeInvis .     - Unarmed
rCold    . . .     Faith    .   (no shield)
rNeg     . . .     Spirit   .   (armour unavailable)
rPois    .         Reflect  .   (helmet currently unavailable)
rElec    .         Harm     .   (no cloak)
rCorr    .         Rampage  .   e - +2 pair of gloves
Will     .....                  (boots currently unavailable)
Stlth    +.........             (no amulet)
HPRegen  0.11/turn              (no ring)
MPRegen  0.10/turn              (no ring)

@: appendages, very slightly contaminated
A: horns 2, talons 2, AC +5, unfitting armour, cold-blooded
a: End Transformation


You were on level 3 of the Dungeon.
You had temporarily grown beastly horns and talons.
You visited 1 branch of the dungeon, and saw 3 of its levels.

You collected 68 gold pieces.

Inventory:

Armour
 e - a +2 pair of gloves (worn)
Scrolls
 a - a scroll of fear {unknown}
 b - a scroll of fog {unknown}
 c - a scroll of noise {unknown}
 d - a scroll of identify {unknown}


   Skills:
 - Level 1.1 Fighting
 - Level 1.7 Dodging
 - Level 3.0 Unarmed Combat
 - Level 2.0 Spellcasting
 + Level 4.5 Transmutations


You had one spell level left.
You knew the following spells:

 Your Spells              Type           Power      Damage    Failure   Level
a - Beastly Appendage     Tmut           28%        N/A       3%          1
b - Spider Form           Tmut/Pois      3%         N/A       28%         3
c - Wereblood             Tmut           14%        N/A       5%          2

Your spell library contained the following spells:

 Spells                   Type           Power      Damage    Failure   Level
 Sublimation of Blood     Necr           0%         N/A       34%         2
 Ice Form                 Ice/Tmut       7%         N/A       67%         4
 Summon Hydra             Summ           0%         N/A       100%        7


Dungeon Overview and Level Annotations

Branches:
Dungeon (3/15)

Altars:


Innate Abilities, Weirdness & Mutations

You have temporarily grown beastly horns and talons.
Your plain brown scales are hard. (AC +5)
You cannot fit into any form of body armour.
You are cold-blooded and may be slowed by cold attacks.


Message History

Your kick misses the orc.
You feel sick.
You hear a shout!
The orc closely misses you. The orc hits you with a +0 hand axe.
You hear a shout!
You hit the orc. You claw the orc.
You kill the orc!
You feel sick.
You are no longer poisoned.
You hit the orc but do no damage. The kobold hits you but does no damage.
The orc closely misses you.
You hit the orc. Your kick misses the orc.
The orc is heavily wounded.
The kobold misses you. The orc barely misses you.
The orc hits you with a +0 flail.
* * * LOW HITPOINT WARNING * * *
You hit the orc but do no damage. You claw the orc.
You kill the orc!
The kobold closely misses you.
The orc hits you from afar with a +0 trident!
* * * LOW HITPOINT WARNING * * *
You miss the kobold. Your kick misses the kobold.
The kobold completely misses you. The orc hits you with a +0 club.
* * * LOW HITPOINT WARNING * * *
The orc barely misses you.
You aren't carrying any potions.
You closely miss the kobold. The kobold closely misses you.
The orc completely misses you. The orc closely misses you.
You hit the kobold but do no damage. You claw the kobold.
You kill the kobold!
The orc barely misses you.
You hit the orc.
The orc is heavily wounded.
The orc hits you but does no damage. The orc misses you.
You closely miss the orc.
The orc is heavily wounded.
The orc misses you. The orc hits you but does no damage.
You completely miss the orc. You tail-slap the orc.
You kill the orc!
The orc hits you from afar with a +0 trident.
You die...

### .. ..# .. #...
.# #..# ..##
#...#####o..#..
######.....).......
#..........@#.#
#...>......)#.##.#
#................#
#........)....####
#.............#
####.)..##.#.##
#..##.##.#...# #.#
#.##.###..#### #
#.....###....# #.


You could see an orc.

Vanquished Creatures
  2 adders (D:2)
  A worm (D:2)
  A dart slug (D:1)
  3 orcs (D:3)
  9 bats
  8 endoplasms
  5 goblins
  3 hobgoblins
  8 kobolds
  2 quokkas (D:1)
  6 ball pythons (D:1)
  3 frilled lizards (D:1)
  6 rats
57 creatures vanquished.

Notes
Turn   | Place    | Note
-------+----------+-------------------------------------------
     0 | D:1      | barney the Draconian Transmuter began the quest for the
                  | Orb.
     0 | D:1      | Reached XP level 1. HP: 16/16 MP: 3/3
   158 | D:1      | Reached XP level 2. HP: 19/23 MP: 3/5
   214 | D:1      | Reached skill level 3 in Transmutations
   669 | D:1      | Reached XP level 3. HP: 26/28 MP: 6/6
  1183 | D:2      | Learned a level 3 spell: Spider Form
  1186 | D:2      | Learned a level 2 spell: Wereblood
  2176 | D:2      | Reached skill level 4 in Transmutations
  2787 | D:3      | Reached XP level 4. HP: 35/35 MP: 3/7
  3146 | D:3      | Slain by an orc

Illustrated notes

Levels and vault maps discovered:
D:1:      lightli_iron_boxes, layout_basic, st_stairs_10
D:2:      layout_rooms, minivault_27
D:3:      layout_rooms, uniq_crazy_yiuf_cottage

Skill      XL: |  1  2  3 |
---------------+----------+-----
Transmutations | 3 4 |  4.5
Fighting       | |  1.1
Dodging        | |  1.7
Unarmed Combat | |  3.0
Spellcasting   | |  2.0

Action                   |  1- 3 |  4- 6 || total
-------------------------+-------+-------++-------
Melee: Unarmed           |   116 |    25 ||   141
       Kick              |    12 |     4 ||    16
       Tailslap          |     9 |     2 ||    11
       Headbutt          |     5 |     1 ||     6
       Punch             |     1 |       ||     1
 Cast: Beastly Appendage |    17 |     3 ||    20
       Spider Form       |     5 |     1 ||     6
 Stab: Sleeping          |     3 |       ||     3
Armor: Skin              |    34 |     8 ||    42
Dodge: Dodged            |    89 |    26 ||   115
